 Dungeon Crawl Stone Soup version 0.31-a0-702-gf82c85558f (webtiles) character file.

Game seed: 4533198366424817037

4994 SodermalmGhoul the Cleaver (level 10, -11/93 HPs)
             Began as a Ghoul Monk on Sept 8, 2023.
             Was an Initiate of Gozag.
             Mangled by a death yak (17 damage)
             ... on level 9 of the Dungeon.
             The game lasted 00:34:04 (7999 turns).

SodermalmGhoul the Cleaver (Ghoul Monk)             Turns: 7999, Time: 00:34:05

Health: -11/93     AC: 11    Str: 20    XL:     10   Next: 54%
Magic:  9/9        EV: 11    Int:  5    God:    Gozag
Gold:   824        SH:  0    Dex: 11    Spells: 9/9 levels left

rFire   . . .        a - +1 hand axe (elec)
rCold   + . .        d - orb {light}
rNeg    + + +        x - +3 ring mail {rPois}
rPois   ∞            u - +0 helmet of Beogh {+Inv}
rElec   .            G - +0 cloak
rCorr   +            (no gloves)
SInv    .            h - +0 pair of boots
Will    .....        (no amulet) Stlth
                     s - ring of resist corrosion
HPRegen 0.00/turn    (no ring)
MPRegen 0.11/turn

%: no passive effects
@: inhibited regen, glowing
A: claws 1, cold resistance 1, negative energy resistance 3, inhibited
regeneration, torment resistance 2, devour on kill
a: Renounce Religion, Evoke Invisibility, Potion Petition, Call Merchant, Bribe
Branch


You were on level 9 of the Dungeon.
You worshipped Gozag.
Gozag was pleased with you.
You visited 2 branches of the dungeon, and saw 10 of its levels.
You also visited: Sewer and Bailey.

You collected 887 gold pieces.
You spent 63 gold pieces at shops.

Inventory:

Hand Weapons
 a - a +1 hand axe of electrocution (weapon)
 b - a +0 war axe of freezing
Missiles
 e - 2 datura-tipped darts (quivered)
 j - 4 javelins
 l - 7 boomerangs
 q - 16 poisoned darts
Armour
 d - an orb of light (worn)
 h - a +0 pair of boots (worn)
 o - a +0 helmet
 u - the +0 helmet of Beogh (worn) {+Inv}
   (You found it on level 4 of the Dungeon)

   +Inv:      It lets you turn invisible.
 x - a +3 ring mail of poison resistance (worn)
 G - a +0 cloak (worn)
Jewellery
 s - a ring of resist corrosion (left claw)
Wands
 c - a wand of flame (14)
 g - a wand of paralysis (17)
 r - a wand of iceblast (5)
 E - a wand of acid (9)
 F - a wand of mindburst (18)
Scrolls
 v - 2 scrolls of revelation
 y - a scroll of brand weapon
 z - a scroll of vulnerability
 H - a scroll of immolation
Potions
 f - a potion of attraction
 i - 5 potions of haste
 k - a potion of lignification
 m - 7 potions of curing
 n - 4 potions of enlightenment
 p - 2 potions of cancellation
 w - 4 potions of heal wounds
 A - a potion of degeneration {unknown}
 B - 5 potions of mutation {unknown}
 C - a potion of magic {unknown}
 D - 2 potions of might {unknown}


   Skills:
 + Level 10.3 Fighting
 * Level 11.7 Axes
 - Level 2.6 Dodging


You had 9 spell levels left.
You didn't know any spells.
Your spell library contained the following spells:

 Spells                   Type           Power      Damage    Failure   Level
 Summon Small Mammal      Summ           0%         N/A       67%         1
 Poisonous Vapours        Pois/Air       0%         N/A       80%         2
 Call Canine Familiar     Summ           0%         N/A       95%         3
 Mephitic Cloud           Conj/Pois/Air  0%         N/A       95%         3
 Summon Guardian Golem    Hex/Summ       0%         N/A       95%         3
 Vhi's Electric Charge    Tloc/Air       0%         N/A       100%        4
 Arcjolt                  Conj/Air       0%         1d10      100%        5
 Freezing Cloud           Conj/Ice/Air   0%         6-21      100%        5
 Plasma Beam              Fire/Air       0%         2x1d10    100%        6


Dungeon Overview and Level Annotations

Branches:
Dungeon (9/15)             Temple (1/1) D:6            Lair (0/5) D:9
  Sewer (visited)          Bailey (visited)
    Orc: D:9-12

Altars:
Ashenzari
Cheibriados
Dithmenos
Fedhas
Gozag
Hepliaklqana
Kikubaaqudgha
Nemelex Xobeh
Okawaru
Qazlal
Ru
Sif Muna
Trog
Uskayaw
Vehumet
Wu Jian
Xom
Yredelemnul

Shops:
D:3 *=[(   D:8 =


Innate Abilities, Weirdness & Mutations

You are immune to poison.
You have sharp fingernails.
Your flesh is cold resistant. (rC+)
You are immune to negative energy. (rN+++)
You do not regenerate when monsters are visible.
You are immune to unholy pain and torment.
You thrive by killing the living.


Message History

The death yak is lightly wounded.
The death yak gores you but does no damage.
You hit the death yak.
The death yak is lightly wounded.
The death yak gores you!
* * * LOW HITPOINT WARNING * * *
You slash the death yak!
The death yak is moderately wounded.
You hit the death yak.
The death yak is moderately wounded.
The death yak barely misses you.
You feel much better. The death yak misses you.
You hit the death yak.
The death yak is moderately wounded.
The death yak gores you.
You hit the death yak but do no damage.
The death yak is moderately wounded.
The death yak gores you!
* * * LOW HITPOINT WARNING * * *
You hit the death yak.
The death yak is moderately wounded.
You hit the death yak but do no damage.
Lightning courses through the death yak!
The death yak is heavily wounded.
The death yak gores you but does no damage.
You hit the death yak.
Lightning courses through the death yak!
The death yak is almost dead.
The death yak gores you but does no damage.
You hit the death yak.
The death yak is almost dead.
You hit the death yak.
The death yak is almost dead.
The death yak gores you!
* * * LOW HITPOINT WARNING * * *
You hit the death yak.
The death yak is almost dead.
The death yak gores you!
You die...
Your body crumbles into a pile of gold.

....................#
.........######
########.# #.# #.#
#(# #(# #Y# #@# #.#
#.# #.# #.# ... ###


You could see a death yak.

Vanquished Creatures
  A death yak (D:9)
  Maurice (D:8)
  Maggie (D:7)
  2 wyverns
  A steam dragon (D:7)
  Menkaure (D:7)
  2 acid dragons
  2 sky beasts (D:6)
  2 ice beasts (D:6)
  An orc warrior (Bailey)
  3 black bears
  A phantom (D:4)
  A kobold brigand (D:7)
  3 bullfrogs
  6 scorpions
  6 wights
  6 killer bees (D:8)
  An electric eel (D:6)
  5 hounds (D:6)
  4 orc priests
  5 iguanas
  Jessica (D:2)
  A sleepcap (D:5)
  Ijyb (D:5)
  4 orc wizards
  13 gnolls
  10 adders
  A white imp (D:6)
  An ufetubus (D:5)
  A worm (D:3)
  3 dart slugs
  29 orcs
  23 ball pythons
  7 endoplasms
  14 giant cockroaches
  12 goblins
  11 hobgoblins
  7 jackals
  10 kobolds
  12 quokkas
  3 bats
  9 frilled lizards
  10 rats
238 creatures vanquished.

Vanquished Creatures (collateral kills)
  2 gnolls (Bailey)
2 creatures vanquished.

Vanquished Creatures (others)
  An ufetubus (D:6)
1 creature vanquished.

Grand Total: 241 creatures vanquished

Notes
Turn   | Place    | Note
-------+----------+-------------------------------------------
     0 | D:1      | SodermalmGhoul the Ghoul Monk began the quest for the Orb.
     0 | D:1      | Reached XP level 1. HP: 19/19 MP: 0/0
   157 | D:1      | Reached skill level 3 in Axes
   159 | D:1      | Reached XP level 2. HP: 17/26 MP: 1/1
   370 | D:2      | Reached XP level 3. HP: 32/33 MP: 2/2
   665 | D:1      | Found a faded altar of an unknown god.
   781 | D:2      | Noticed Jessica
   788 | D:2      | Killed Jessica
   789 | D:2      | Reached skill level 4 in Axes
   789 | D:2      | Reached XP level 4. HP: 31/40 MP: 3/3
  1215 | D:2      | Reached XP level 5. HP: 47/47 MP: 4/4
  1566 | D:3      | Found Pueczoal's Armour Emporium.
  1613 | D:3      | Bought a +0 helmet for 63 gold pieces
  1662 | D:3      | Found a sparkling altar of Nemelex Xobeh.
  1663 | D:3      | Found a blossoming altar of Fedhas.
  1757 | D:3      | Found Popotz's Assorted Antiques.
  1802 | D:3      | Found Numonom's Jewellery Shop.
  1870 | D:3      | Found a shimmering blue altar of Sif Muna.
  1871 | D:3      | Found a bloodstained altar of Trog.
  1906 | D:3      | Found Wuxkebac's Antique Weapon Shoppe.
  1998 | D:4      | Noticed a black bear
  2003 | D:4      | Reached skill level 5 in Axes
  2015 | D:4      | Killed a black bear
  2016 | D:4      | Reached skill level 5 in Fighting
  2016 | D:4      | Reached XP level 6. HP: 35/56 MP: 5/5
  2159 | D:5      | Entered Level 5 of the Dungeon
  2545 | D:4      | Reached XP level 7. HP: 61/61 MP: 6/6
  2555 | D:4      | Identified the +0 helmet of Beogh {+Inv}
  2558 | D:4      | Reached skill level 6 in Axes
  3126 | D:5      | Noticed a wyvern
  3127 | D:5      | Noticed Ijyb
  3137 | D:5      | Killed Ijyb
  3146 | D:5      | Killed a wyvern
  3267 | D:5      | Reached skill level 7 in Axes
  3267 | D:5      | Reached XP level 8. HP: 71/71 MP: 7/7
  3461 | D:6      | Found a glowing drain.
  3473 | Sewer    | Entered a sewer
  3709 | Sewer    | Reached skill level 8 in Axes
  4538 | D:6      | Reached XP level 9. HP: 77/81 MP: 8/8
  4613 | D:6      | Reached skill level 9 in Axes
  4849 | D:6      | Found a staircase to the Ecumenical Temple.
  4858 | Temple   | Entered the Ecumenical Temple
  4889 | Temple   | Became a worshipper of Gozag Ym Sagoz the Greedy
  5537 | D:7      | Noticed Menkaure
  5542 | D:7      | Killed Menkaure
  5701 | D:7      | Reached skill level 10 in Axes
  5953 | D:8      | Found a flagged portal.
  5969 | Bailey   | Entered a bailey
  6713 | D:7      | Reached XP level 10. HP: 91/91 MP: 9/9
  6872 | D:7      | Noticed Maggie
  6884 | D:7      | Killed Maggie
  6885 | D:7      | Reached skill level 11 in Axes
  6999 | D:8      | Found Qeitzeqy's Jewellery Boutique.
  7199 | D:8      | Noticed Maurice
  7233 | D:8      | Killed Maurice
  7668 | D:8      | Reached skill level 10 in Fighting
  7891 | D:9      | Noticed a death yak
  7893 | D:9      | Noticed a death yak
  7910 | D:9      | Noticed a death yak
  7912 | D:9      | Noticed a death yak
  7914 | D:9      | Noticed a death yak
  7919 | D:9      | Killed a death yak
  7923 | D:9      | Found a staircase to the Lair.
  7999 | D:9      | Mangled by a death yak

Illustrated notes

Levels and vault maps discovered:
D:1:      dpeg_arrival_yet_another_circle, layout_rooms,
          shapermc_ecumenical_altar_totnotflames, minmay_misc_feat_rugged
D:2:      layout_basic, uniq_jessica
D:3:      layout_basic, mainiacjoe_overflow_alcove_3, serial_shops, shop,
          nicolae_shop_behind_doors, shop, shop
D:4:      layout_cave_pools, serial_bayou, serial_bayou_lake_a,
          serial_bayou_crossing, serial_bayou_pond_c, serial_bayou_lagoon_a,
          minmay_misc_feat_secret_circle, corexii_shack, minivault_4
D:5:      layout_loops_ring, uniq_ijyb
D:6:      layout_gridville, minmay_temple_entry_ruins, portal_sewer_entry_a,
          amcnicky_mini_pool_medium
D:7:      layout_loops_ring, uniq_maggie, uniq_menkaure
D:8:      layout_basic, enter_bailey_3, nicolae_stop_n_shop_2, minmay_circle_x,
          uniq_maurice
D:9:      layout_long_grid, dpeg_lair_monsters
Temple:   bh_familiar_temple

Skill      XL: |  1  2  3  4  5  6  7  8  9 10 |
---------------+-------------------------------+-----
Axes           | 3 4 5 7 8 10 11 | 11.7
Fighting       | 4 5 6 7 9 10 | 10.3
Dodging        | |  2.6

Action                     |  1- 3 |  4- 6 |  7- 9 | 10-12 || total
---------------------------+-------+-------+-------+-------++-------
  Melee: Hand axe          |    91 |   148 |   254 |   102 ||   595
         War axe           |       |       |   103 |       ||   103
  Throw: Dart              |       |       |     1 |     4 ||     5
    Use: Scroll            |       |    14 |     6 |     3 ||    23
         Potion            |       |       |     3 |     2 ||     5
 Armour: Ring mail         |    15 |       |   230 |    56 ||   301
         Chain mail        |   102 |   117 |    21 |       ||   240
  Dodge: Dodged            |    65 |    66 |   206 |    30 ||   367

Table legend: (Time is in decaauts)
 A = Elapsed time spent in this place.
 B = Non-inter-level travel time spent in this place.
 C = Inter-level travel time spent in this place.
 D = Time resting spent in this place.
 E = Time spent auto-exploring this place.
 F = Levels seen in this place.
 G = Mean time per level.
                   A        B        C        D        E       F      G
               +--------+--------+--------+--------+--------+-----+--------+
         Total |   8056 |   7835 |    221 |    376 |   5200 |  12 |  671.3 |
       Dungeon |   7002 |   6806 |    196 |    376 |   4597 |   9 |  778.0 |
        Temple |     57 |     32 |     25 |      0 |      0 |   1 |   57.0 |
         Sewer |    323 |    323 |      0 |      0 |     71 |   1 |  323.0 |
        Bailey |    673 |    673 |      0 |      0 |    531 |   1 |  673.0 |
               +--------+--------+--------+--------+--------+-----+--------+

Top non-repeatable levels by time:
     D:5: 1156 daAuts
     D:6: 1155 daAuts
     D:8: 871 daAuts
     D:4: 840 daAuts
     D:7: 791 daAuts
     D:1: 730 daAuts
     D:3: 675 daAuts
  Bailey: 673 daAuts
     D:2: 666 daAuts
   Sewer: 323 daAuts
     D:9: 114 daAuts
  Temple: 57 daAuts
